 Dungeon Crawl Stone Soup version 0.29-a0-284-gf9362112df (webtiles) character file.

Game seed: 5803667636038045816

3854 silky the Cleaver (level 9, -1/80 HPs)
             Began as a Minotaur Chaos Knight on Apr 1, 2022.
             Was a Plaything of Xom.
             Slain by an orc warrior
             ... wielding a +0 broad axe
              (6 damage)
             ... in a bailey.
             The game lasted 00:22:24 (8815 turns).

silky the Cleaver (Minotaur Chaos Knight)           Turns: 8815, Time: 00:22:25

Health: -1/80      AC: 18    Str: 20    XL:     9   Next: 99%
Magic:  8/8        EV:  7    Int: 11    God:    Xom [...*..]
Gold:   196        SH:  5    Dex: 16    Spells: 8/8 levels left

rFire   . . .      SeeInvis .   n - +1 short sword of Gozag's Supremacy {holy, *Noise rPois rCorr Stlth+}
rCold   . . .      Faith    .   j - +0 buckler of True Grit {Harm Dex+7 Stlth-}
rNeg    . . .      Spirit   .   m - +0 plate armour
rPois   +          Reflect  .   (helmet restricted)
rElec   .          Harm     +   (no cloak)
rCorr   +          Rampage  .   d - +0 pair of gloves
Will    +....                   (no boots)
Stlth   ..........              h - amulet of magic regeneration
HPRegen 0.23/turn               (no ring)
MPRegen 0.51/turn               (no ring)

@: brilliant, about to teleport, hasted, very quick
A: horns 2, retaliatory headbutt, hooves 1, iridescent scales 1, strong-willed
1, screaming 1, shaggy fur 1
a: Renounce Religion


You were in a bailey.
You worshipped Xom.
You were a favourite toy of Xom.
You visited 1 branch of the dungeon, and saw 8 of its levels.
You also visited: Bailey.

You collected 372 gold pieces.
You spent 176 gold pieces at shops.

Inventory:

Hand Weapons
 a - a +0 hand axe of chaos
 n - the +1 short sword of Gozag's Supremacy (weapon) {holy, *Noise rPois rCorr Stlth+}
   (You found it on level 4 of the Dungeon)

   It has been blessed by the Shining One to cause great damage to the undead
   and demons.
   rPois:     It protects you from poison.
   *Noise:    It may make noises in combat.
   rCorr:     It protects you from acid and corrosion.
   Stlth:     It makes you more stealthy.
Missiles
 b - a throwing net
Armour
 d - a +0 pair of gloves (worn)
 f - a scarf of harm
 j - the +0 buckler of True Grit (worn) {Harm Dex+7 Stlth-}
   (You found it on level 4 of the Dungeon)

   Dex:       It affects your dexterity (+7).
   Harm:      It increases damage dealt and taken.
   Stlth:     It makes you less stealthy.
 l - +1 swamp dragon scales
 m - a +0 plate armour (worn)
Magical Staves
 o - a staff of death
Jewellery
 h - an amulet of magic regeneration (around neck)
 z - a ring of ice
Wands
 w - a wand of iceblast (11)
Scrolls
 g - a scroll of teleportation
 q - a scroll of noise {unknown}
 r - 3 scrolls of immolation {unknown}
 s - a scroll of amnesia
 u - 4 scrolls of identify {unknown}
 v - a scroll of blinking {unknown}
 x - a scroll of brand weapon {unknown}
 y - a scroll of enchant armour
Potions
 p - 2 potions of might
 t - a potion of magic
 A - 2 potions of brilliance
Miscellaneous
 c - a piece from Xom's chessboard (3/15) (quivered)


   Skills:
 + Level 7.7 Fighting
 + Level 9.6 Axes
 + Level 9.2 Armour
 + Level 3.5 Dodging
 + Level 4.5 Stealth
 + Level 5.0 Shields
 + Level 2.3 Evocations


You had 8 spell levels left.
You didn't know any spells.
Your spell library contained the following spells:

 Spells                   Type           Power      Damage    Failure   Level
 Sandblast                Erth           0%         2d4       100%        1
 Summon Small Mammal      Summ           0%         N/A       100%        1
 Corpse Rot               Necr/Air       0%         N/A       100%        2
 Ensorcelled Hibernation  Hex/Ice        0%         N/A       100%        2
 Passwall                 Tmut/Erth      0%         N/A       100%        2
 Call Canine Familiar     Summ           0%         N/A       100%        3
 Conjure Flame            Conj/Fire      0%         6-21      100%        3
 Ignite Poison            Fire/Tmut/Pois 0%         N/A       100%        3
 Spider Form              Tmut/Pois      0%         N/A       100%        3
 Stone Arrow              Conj/Erth      0%         3d7       100%        3
 Summon Guardian Golem    Hex/Summ       0%         N/A       100%        3
 Anguish                  Hex/Necr       0%         N/A       100%        4
 Dispel Undead            Necr           0%         3d6       100%        4
 Sticky Flame             Conj/Fire      0%         2d3       100%        4
 Death Channel            Necr           0%         N/A       100%        6


Dungeon Overview and Level Annotations

Branches:
Dungeon (8/15)             Temple (0/1) D:5          Bailey (1/1)
   Lair: D:8-11

Altars:
Fedhas
Xom

Shops:
D:2 !   D:7 !


Innate Abilities, Weirdness & Mutations

You have a pair of horns on your head.
You reflexively headbutt those who attack you in melee.
You have large cloven feet.
You are partially covered in iridescent scales. (AC +2)
You are strong-willed. (Will+)
You occasionally shout uncontrollably at your foes.
You are covered in fur. (AC +1)


Message History

The goblin hits you with a +0 hand axe.
You hear a shout!
You hit the orc warrior. Your kick misses the orc warrior.
The orc warrior is lightly wounded.
The orc warrior hits you with a +0 war axe!
* * * LOW HITPOINT WARNING * * *
The orc warrior barely misses you. You furiously retaliate!
You headbutt the orc warrior. The gnoll hits you but does no damage.
The hobgoblin hits you but does no damage.
The goblin completely misses you.
You feel yourself speed up. The orc warrior closely misses you.
You block the orc warrior's attack. The gnoll hits you but does no damage.
The hobgoblin hits you but does no damage.
The goblin hits you but does no damage.
You closely miss the orc warrior.
The orc warrior is lightly wounded.
The orc warrior hits you with a +0 war axe.
* * * LOW HITPOINT WARNING * * *
The orc warrior hits you with a +0 broad axe!
* * * LOW HITPOINT WARNING * * *
The gnoll hits you but does no damage.
The hobgoblin hits you but does no damage.
The goblin hits you with a +0 hand axe.
* * * LOW HITPOINT WARNING * * *
As you read the scroll of teleportation, it crumbles to dust.
You feel strangely unstable. You block the goblin's attack.
The orc warrior hits you but does no damage.
The orc warrior barely misses you. The gnoll hits you but does no damage.
The hobgoblin misses you. You furiously retaliate!
You headbutt the hobgoblin, but do no damage.
You block the goblin's attack.
You hit the goblin. You kick the goblin, but do no damage.
The goblin is heavily wounded.
The goblin hits you but does no damage. The gnoll closely misses you.
You furiously retaliate!
You headbutt the gnoll. The orc warrior barely misses you.
You furiously retaliate!
You headbutt the orc warrior, but do no damage.
The orc warrior hits you with a +0 broad axe.
You die...
Xom snickers!

#≈≈≈≈≈# ######≈≈≈≈≈#
...#.≈≈≈≈≈≈#
...#.≈≈≈≈≈.######
####''#.≈≈≈≈≈......#
#...o.#.≈≈≈≈≈......##
#..ggg'..............
#..⌠@o'..........∩..∩
#..gog'..............
#.....#.≈≈≈≈≈......##
####''#.≈≈≈≈≈......#
...#.≈≈≈≈≈.######
...#.≈≈≈≈≈≈#
######≈≈≈≈≈# #≈≈≈≈≈#


You could see 3 orc warriors, 2 gnolls, a hobgoblin and 2 goblins.

Vanquished Creatures
  2 yaks (D:8)
  Eustachio (D:4)
  2 water moccasins (D:7)
  An ice beast (D:6)
  An orc warrior (D:6)
  2 black bears
  A phantom (D:4)
  2 centaurs (D:7)
  A kobold brigand (D:7)
  4 bullfrogs
  4 scorpions
  A necrophage (D:7)
  2 gnoll sergeants
  6 wights
  5 killer bees (D:5)
  5 hounds
  3 jellies
  An orc priest (D:3)
  An iguana (D:4)
  Natasha (thrice) (D:2)
  3 orc wizards (D:7)
  14 gnolls
  12 adders
  3 worms
  2 dart slugs
  27 orcs
  4 ball pythons
  6 endoplasms
  A giant cockroach (D:1)
  6 goblins
  4 hobgoblins
  12 kobolds
  4 quokkas
  4 bats
  4 frilled lizards
  3 rats (D:1)
157 creatures vanquished.

Vanquished Creatures (collateral kills)
  A troll (D:6)
  A yak (D:8)
  An orc warrior (D:6)
  A centaur (D:6)
  An orc wizard (D:6)
  A gnoll (D:3)
  An adder (D:6)
  2 orcs (D:6)
9 creatures vanquished.

Vanquished Creatures (others)
  An orc (D:5)
1 creature vanquished.

Grand Total: 167 creatures vanquished

Notes
Turn   | Place    | Note
-------+----------+-------------------------------------------
     0 | D:1      | silky the Minotaur Chaos Knight began the quest for the
                  | Orb.
     0 | D:1      | Reached XP level 1. HP: 19/19 MP: 0/0
   140 | D:1      | XOM: smoke on damage
   154 | D:1      | Reached XP level 2. HP: 10/27 MP: 1/1
   380 | D:1      | Found a faded altar of an unknown god.
  1113 | D:2      | XOM: summons friendly ufetubus
  1117 | D:2      | Reached XP level 3. HP: 33/33 MP: 2/2
  1478 | D:2      | Noticed Natasha
  1484 | D:2      | Killed Natasha
  1506 | D:2      | You fall into a shaft and drop 2 floors!
  1522 | D:4      | Reached XP level 4. HP: 40/40 MP: 3/3
  1573 | D:4      | XOM: scenery: create altars
  1597 | D:2      | Noticed Natasha
  1603 | D:2      | XOM: summons friendly white imp
  1607 | D:2      | Killed Natasha
  1612 | D:2      | Found Nudinoss's Distillery.
  1619 | D:2      | Bought a potion of mutation for 80 gold pieces
  1619 | D:2      | Gained mutation: You are dopey. (Int -2) [potion of
                  | mutation]
  1619 | D:2      | Gained mutation: You are weak. (Str -2) [potion of
                  | mutation]
  1620 | D:2      | Lost mutation: You are weak. (Str -2) [potion of mutation]
  1620 | D:2      | Lost mutation: You are dopey. (Int -2) [potion of mutation]
  1620 | D:2      | Gained mutation: Armour fits poorly on your strangely
                  | shaped body. [potion of mutation]
  1620 | D:2      | Gained mutation: A frigid envelope surrounds you and
                  | freezes all who hurt you. [potion of mutation]
  1621 | D:2      | Lost mutation: Armour fits poorly on your strangely shaped
                  | body. [potion of mutation]
  1621 | D:2      | Lost mutation: A frigid envelope surrounds you and freezes
                  | all who hurt you. [potion of mutation]
  1621 | D:2      | Gained mutation: You are frail. (-10% HP) [potion of
                  | mutation]
  1621 | D:2      | Gained mutation: You tend to lose your temper in combat.
                  | [potion of mutation]
  1621 | D:2      | Gained mutation: Your spells are a little easier to cast,
                  | but a little less powerful. [potion of mutation]
  1622 | D:2      | Lost mutation: Your spells are a little easier to cast, but
                  | a little less powerful. [potion of mutation]
  1622 | D:2      | Lost mutation: You tend to lose your temper in combat.
                  | [potion of mutation]
  1622 | D:2      | Gained mutation: You expend magic power (3 MP) to
                  | strengthen your wands. [potion of mutation]
  1622 | D:2      | Gained mutation: You have large cloven feet. [potion of
                  | mutation]
  1756 | D:2      | Noticed Natasha
  1761 | D:2      | Killed Natasha
  1880 | D:2      | XOM: summons friendly crimson imp
  1993 | D:2      | XOM: give mutations
  1993 | D:2      | Gained mutation: Your spells are a little easier to cast,
                  | but a little less powerful. [Xom's mischief]
  1993 | D:2      | Lost mutation: You have large cloven feet. [Xom's mischief]
  2183 | D:3      | XOM: enchant monster (good)
  2188 | D:3      | Reached XP level 5. HP: 29/42 MP: 4/4
  2409 | D:3      | XOM: 1-stop teleportation journey
  2461 | D:3      | Paralysed by a gnoll for 4 turns
  2464 | D:3      | XOM: silly message
  2464 | D:3      | XOM: smoke on damage
  2780 | D:3      | Reached skill level 5 in Armour
  2826 | D:4      | Noticed a phantom
  2827 | D:4      | XOM: enchant monster (good)
  2836 | D:4      | Killed a phantom
  2837 | D:4      | Reached skill level 5 in Fighting
  2837 | D:4      | Reached skill level 5 in Axes
  2837 | D:4      | Reached XP level 6. HP: 37/50 MP: 5/5
  2958 | D:4      | XOM: enchant monster (bad)
  2987 | D:4      | Identified the +0 buckler of True Grit {Harm Dex+7 Stlth-}
  3074 | D:4      | Identified the +1 short sword of Gozag's Supremacy {holy,
                  | *Noise rPois rCorr Stlth+}
  3594 | D:4      | Reached XP level 7. HP: 28/55 MP: 6/6
  3908 | D:4      | Noticed Eustachio
  3909 | D:4      | XOM: enchant monster (good)
  3926 | D:4      | Killed Eustachio
  3927 | D:4      | Reached skill level 1 in Stealth
  3974 | D:5      | Entered Level 5 of the Dungeon
  4040 | D:5      | XOM: summons friendly iron imp
  4071 | D:5      | XOM: divination: detect items
  4483 | D:5      | Reached XP level 8. HP: 49/63 MP: 7/7
  4573 | D:5      | XOM: destruction
  4581 | D:5      | XOM: 3-stop teleportation journey
  4745 | D:5      | XOM: summons 5 hostile demons
  4746 | D:5      | Noticed a smoke demon
  4752 | D:5      | XOM: destruction
  4801 | D:5      | XOM: give mutations
  4801 | D:5      | Gained mutation: You occasionally shout uncontrollably at
                  | your foes. [Xom's mischief]
  4801 | D:5      | Gained mutation: You sometimes lose the ability to read
                  | scrolls when taking damage. [Xom's mischief]
  4801 | D:5      | Lost mutation: Your spells are a little easier to cast, but
                  | a little less powerful. [Xom's mischief]
  4801 | D:5      | Gained mutation: You are clumsy. (Dex -2) [Xom's mischief]
  4809 | D:5      | XOM: torment (17/63 hp)
  4934 | D:5      | Reached skill level 1 in Shields
  5123 | D:5      | Found a staircase to the Ecumenical Temple.
  5176 | D:5      | XOM: stat loss: -1 Str (19/20)
  5292 | D:5      | Reached skill level 1 in Evocations
  5471 | D:5      | XOM: silly message
  5665 | D:6      | XOM: noise
  5805 | D:6      | XOM: smoke on damage
  6006 | D:6      | XOM: divination: detect creatures
  6329 | D:6      | Noticed a troll
  6353 | D:6      | XOM: scenery: 1 doors open
  6358 | D:6      | XOM: summons 3 friendly demons
  6365 | D:6      | Killed a troll
  6366 | D:6      | Reached XP level 9. HP: 6/71 MP: 8/8
  6642 | D:6      | XOM: give mutations
  6642 | D:6      | Gained mutation: You are somewhat resistant to further
                  | mutation. [Xom's grace]
  6642 | D:6      | Lost mutation: You are frail. (-10% HP) [Xom's grace]
  6955 | D:6      | XOM: divination: magic mapping
  6959 | D:6      | XOM: 2-stop teleportation journey
  7120 | D:6      | XOM: give mutations
  7120 | D:6      | Gained mutation: You are partially covered in iridescent
                  | scales. (AC +2) [Xom's grace]
  7120 | D:6      | Gained mutation: You are covered in fur. (AC +1) [Xom's
                  | grace]
  7160 | D:7      | Found Acwafet's Distillery.
  7168 | D:7      | Bought a potion of mutation for 96 gold pieces
  7168 | D:7      | Lost mutation: You expend magic power (3 MP) to strengthen
                  | your wands. [potion of mutation]
  7168 | D:7      | Lost mutation: You sometimes lose the ability to read
                  | scrolls when taking damage. [potion of mutation]
  7168 | D:7      | Lost mutation: You are somewhat resistant to further
                  | mutation. [potion of mutation]
  7209 | D:7      | XOM: confuse monster(s)
  7229 | D:7      | XOM: enchant monster (bad)
  7443 | D:7      | XOM: 9-stop teleportation journey
  7678 | D:7      | XOM: enchant monster (good)
  7679 | D:7      | XOM: confuse monster(s)
  8042 | D:7      | XOM: silly message
  8259 | D:8      | Found a blossoming altar of Fedhas.
  8445 | D:8      | XOM: give mutations
  8445 | D:8      | Gained mutation: You have large cloven feet. [Xom's grace]
  8445 | D:8      | Lost mutation: You are clumsy. (Dex -2) [Xom's grace]
  8445 | D:8      | Gained mutation: You are strong-willed. (Will+) [Xom's
                  | grace]
  8686 | D:8      | XOM: 2-stop teleportation journey
  8717 | D:8      | XOM: cast spell 'Summon Mana Viper'
  8726 | D:8      | Reached skill level 5 in Shields
  8758 | D:8      | Found a flagged portal.
  8772 | Bailey   | Entered a bailey
  8815 | Bailey   | Slain by an orc warrior

Illustrated notes

Levels and vault maps discovered:
D:1:      lightli_arrival_farm, layout_basic, dreamdust_ecumenical_altar_grove,
          hangedman_abyss_or_decor_lesser_grid
D:2:      layout_loops_corners, serial_shops,
          nicolae_shop_temple_entry_statues_fountains, uniq_natasha
D:3:      layout_basic, serial_park_tiny_pond, eino_curves_01,
          grunt_ministairs_1, kennysheep_generic_room_11
D:4:      layout_cave_pods, grunt_ministairs_7, minmay_surrounded,
          uniq_eustachio
D:5:      layout_basic, minmay_temple_entry_nine_rooms, serial_rivers,
          chequers_serial_rivers_micro_c, chequers_serial_rivers_micro_a,
          chequers_serial_rivers_micro_c, chequers_serial_rivers_room_b,
          chequers_serial_rivers_large_a, corexii_leaking_fountain
D:6:      layout_gridville
D:7:      layout_loops_ring, serial_shops, nicolae_shop_hallway_stairs,
          roderic_filled_cross
D:8:      layout_loops_corners, mainiacjoe_overflow_six_doors_small,
          enter_bailey_7, corexii_checkpoint_b
Bailey:   bailey_axe_of_yendor_kennysheep, bailey

Skill      XL: |  1  2  3  4  5  6  7  8  9 |
---------------+----------------------------+-----
Axes           | 4 5 6 8 9 |  9.6
Fighting       | 4 5 6 7 |  7.7
Armour         | 3 4 5 6 7 9 |  9.2
Dodging        | 2 3 |  3.5
Stealth        | 2 3 4 |  4.5
Shields        | 2 5 |  5.0
Evocations     | 1 2 |  2.3

Action                   |  1- 3 |  4- 6 |  7- 9 || total
-------------------------+-------+-------+-------++-------
Melee: Hand axe          |    47 |   108 |   274 ||   429
       Headbutt          |     8 |    19 |    60 ||    87
       Punch             |     1 |     2 |       ||     3
       Kick              |       |       |    16 ||    16
       Short sword       |       |       |    12 ||    12
Evoke: Piece from Xom's  |       |     1 |    22 ||    23
  Use: Potion            |     4 |     5 |    11 ||    20
       Scroll            |       |     5 |     3 ||     8
 Stab: Paralysed         |       |     1 |     1 ||     2
       Sleeping          |       |     1 |       ||     1
       Petrified         |       |       |    13 ||    13
       Confused          |       |       |     4 ||     4
       Invisible         |       |       |     1 ||     1
       Petrifying        |       |       |     2 ||     2
Armor: Chain mail        |    17 |    60 |    69 ||   146
       Plate armour      |       |       |   157 ||   157
Dodge: Dodged            |    16 |    59 |   133 ||   208
Block: Buckler           |       |     1 |    86 ||    87

Table legend: (Time is in decaauts)
 A = Elapsed time spent in this place.
 B = Non-inter-level travel time spent in this place.
 C = Inter-level travel time spent in this place.
 D = Time resting spent in this place.
 E = Time spent auto-exploring this place.
 F = Levels seen in this place.
 G = Mean time per level.
                   A        B        C        D        E       F      G
               +--------+--------+--------+--------+--------+-----+--------+
         Total |   8824 |   8678 |    146 |    698 |   6369 |   9 |  980.4 |
       Dungeon |   8781 |   8635 |    146 |    698 |   6369 |   8 | 1097.6 |
        Bailey |     43 |     43 |      0 |      0 |      0 |   1 |   43.0 |
               +--------+--------+--------+--------+--------+-----+--------+

Top non-repeatable levels by time:
     D:5: 1683 daAuts
     D:6: 1489 daAuts
     D:4: 1225 daAuts
     D:7: 1106 daAuts
     D:1: 1077 daAuts
     D:2: 1020 daAuts
     D:3: 669 daAuts
     D:8: 510 daAuts
  Bailey: 43 daAuts
